 Dungeon Crawl Stone Soup version 0.31.0-32-g396128a36d (webtiles) character file.

Game seed: 9617353769120601545

37 spaghetti the Grave Robber (level 3, -3/25 HPs)
             Began as a Naga Necromancer on Mar 9, 2024.
             Slain by a ribbon worm (4 damage)
             ... on level 2 of the Dungeon.
             The game lasted 00:01:59 (1319 turns).

spaghetti the Grave Robber (Naga Necromancer)       Turns: 1319, Time: 00:02:00

Health: -3/25      AC:  3    Str: 10    XL:     3   Next: 39%
Magic:  6/6        EV:  5    Int: 17    God:
Gold:   118        SH:  0    Dex: 11    Spells: 5/6 levels left

rFire   . . .        f - staff of air
rCold   . . .        (no shield)
rNeg    . . .        a - +0 robe
rPois   +            g - +0 helmet
rElec   +            (no cloak)
rCorr   .            (no gloves)
SInv    +            (no barding)
Will    .....        (no amulet)
Stlth   ++           (no ring)
HPRegen 0.24/turn    (no ring)
MPRegen 0.10/turn

%: no passive effects
@: held, very slow
A: AC +1, large, see invisible, deformed body, poison resistance, slowness 2,
spit poison 1, naga tail 1, frail 1
a: Spit Poison


You were on level 2 of the Dungeon.
You visited 1 branch of the dungeon, and saw 3 of its levels.

You collected 118 gold pieces.

Inventory:

Armour
 a - a +0 robe (worn)
 g - a +0 helmet (worn)
Magical Staves
 f - a staff of air (weapon)
Scrolls
 c - a scroll of enchant weapon {unknown}
 d - 2 scrolls of enchant armour {unknown}
 e - a scroll of silence {unknown}
 h - a scroll of identify {unknown}
 j - a scroll of revelation {unknown}


   Skills:
 - Level 1.5 Dodging
 - Level 3.0 Stealth
 - Level 2.0 Spellcasting
 + Level 5.1 Necromancy


You had 5 spell levels left.
You knew the following spells:

 Your Spells              Type           Power      Damage    Failure   Level
a - Necrotise             Necr           76%        1d7       2%          1

Your spell library contained the following spells:

 Spells                   Type           Power      Damage    Failure   Level
 Vampiric Draining        Necr           19%        2d7       7%          3
 Sting                    Conj/Alch      4%         1d3       19%         1
 Animate Dead             Necr           19%        N/A       24%         4
 Mercury Vapours          Alch/Air       4%         N/A       28%         2
 Curse of Agony           Necr           19%        N/A       54%         5
 Olgreb's Toxic Radiance  Alch           1%         N/A       88%         4


Dungeon Overview and Level Annotations

Branches:
Dungeon (3/15)

Altars:
Zin


Innate Abilities, Weirdness & Mutations

Your serpentine skin is tough. (AC +1)
You have supernaturally acute eyesight. (SInv)
Armour fits poorly on your strangely shaped body.
Your system is resistant to poisons. (rPois)
You cover ground very slowly.
You can spit poison.
You have a snake-like lower body.
You are frail. (-10% HP)


Message History

The ribbon worm barely misses you.
You hit the ribbon worm.
The ribbon worm is lightly wounded.
The ribbon worm expels a string of sticky webbing.
The stream of webbing hits you but does no damage.
You are caught in a web!
The web tears apart.
The ribbon worm bites you.
Casting: Necrotise (safe; 2% risk of failure)
Confirm with . or Enter, or press ? or * to list all spells.
Aiming: Necrotise (safe; 2% risk of failure)
Press: ? - help, Shift-Dir - straight line, f/p - ribbon worm
Aim: a ribbon worm (lightly wounded, chance to affect: 84%)
The ribbon worm writhes in agony.
Casting: Necrotise (safe; 2% risk of failure)
Confirm with . or Enter, or press ? or * to list all spells.
Aiming: Necrotise (safe; 2% risk of failure)
Press: ? - help, Shift-Dir - straight line, f/p - ribbon worm
Aim: a ribbon worm (lightly wounded, chance to affect: 84%)
The ribbon worm writhes in agony.
The ribbon worm bites you.
Casting: Necrotise (safe; 2% risk of failure)
Confirm with . or Enter, or press ? or * to list all spells.
Aiming: Necrotise (safe; 2% risk of failure)
Press: ? - help, Shift-Dir - straight line, f/p - ribbon worm
Aim: a ribbon worm (moderately wounded, chance to affect: 84%)
The ribbon worm writhes in agony.
The ribbon worm bites you!
* * * LOW HITPOINT WARNING * * *
Casting: Necrotise (safe; 2% risk of failure)
Confirm with . or Enter, or press ? or * to list all spells.
Aiming: Necrotise (safe; 2% risk of failure)
Press: ? - help, Shift-Dir - straight line, f/p - ribbon worm
Aim: a ribbon worm (moderately wounded, chance to affect: 84%)
The ribbon worm writhes in agony.
The ribbon worm expels a string of sticky webbing.
The stream of webbing hits you but does no damage.
You are caught in a web!
Press: ? - help, v - describe, . - travel
Here: a ribbon worm (heavily wounded, catching its breath)
The floor.
Magic courses through your body. The ribbon worm bites you.
You die...

.#.#####.##..........###.
#.##.####.##.## #. #.##.#
#.##.# #. #. #.##.#
#.##.# .. #.####.##.#
#.##.# #. ##.....##.#
#.##.. .. #......##.#
#.#### . #.#####w##.# #.#
#@##.# #.# #..# #....
.....# #...## . #..## .
.... ##.#


You could see a ribbon worm (catching breath).

Vanquished Creatures
  An adder (D:2)
  A ribbon worm (D:2)
  3 bats (D:1)
  3 endoplasms
  2 giant cockroaches
  2 goblins (D:2)
  A hobgoblin (D:2)
  4 kobolds
  2 quokkas (D:2)
  2 ball pythons (D:2)
  A frilled lizard (D:1)
  3 rats
25 creatures vanquished.

Notes
Turn   | Place    | Note
-------+----------+-------------------------------------------
     0 | D:1      | spaghetti the Naga Necromancer began the quest for the Orb.
     0 | D:1      | Reached XP level 1. HP: 15/15 MP: 3/3
   287 | D:1      | Reached XP level 2. HP: 21/22 MP: 0/5
  1071 | D:2      | Gained mutation: You are frail. (-10% HP) [potion of
                  | mutation]
  1075 | D:2      | Reached skill level 5 in Necromancy
  1075 | D:2      | Reached XP level 3. HP: 19/25 MP: 0/6
  1159 | D:2      | You fall into a shaft and drop 1 floor!
  1159 | D:3      | Found a glowing silver altar of Zin.
  1317 | D:2      | HP: 1/25 [ribbon worm (8)]
  1319 | D:2      | Slain by a ribbon worm

Illustrated notes

Levels and vault maps discovered:
D:1:      wheals_arrival_shading, layout_loops_ring, hangedman_glass_garden
D:2:      layout_loops_ring, basic_altar, minivault_5, minmay_diced_spiral
D:3:      lemuel_castle_with_subvaults [lemuel_castle_interior_carwin_2],
          layout_loops_ring, nicolae_overflow_crystal_walls, zin_statuary,
          kennysheep_nub

Skill      XL: |  1  2 |
---------------+-------+-----
Necromancy     | 5 |  5.1
Dodging        | |  1.5
Stealth        | |  3.0
Spellcasting   | |  2.0

Action                     || total
---------------------------++-------
  Melee: Unarmed           ||    20
         Staff             ||     2
   Cast: Necrotise         ||    40
Ability: Spit Poison       ||     2
    Use: Potion            ||     6
         Scroll            ||     1
 Armour: Robe              ||    22
         Skin              ||    11
  Dodge: Dodged            ||    10
